 Dungeon Crawl Stone Soup version 0.26-a0-1132-ge9770dfcb6 (webtiles) character file.

Game seed: 9342804678522403211

38 ANON1729 the Insei (level 3, 0/26 HPs)
             Began as a Merfolk Transmuter on Dec 20, 2020.
             Slain by a gnoll (9 damage)
             ... on level 1 of the Dungeon.
             The game lasted 00:01:05 (1054 turns).

ANON1729 the Insei (Merfolk Transmuter)             Turns: 1054, Time: 00:01:05

Health: 0/26       AC:  2    Str: 10    XL:     3   Next: 43%
Magic:  6/6        EV: 13    Int: 13    God:
Gold:   47         SH:  0    Dex: 14    Spells: 5/6 levels left

rFire    . . .     SeeInvis .     - Unarmed
rCold    . . .     Faith    .   (no shield)
rNeg     . . .     Spirit   .   a - +0 robe
rPois    .         Reflect  .   (helmet currently unavailable)
rElec    .         Harm     .   (no cloak)
rCorr    .         Rampage  .   (no gloves)
Will     .....                  (boots currently unavailable)
Stlth    +.........             (no amulet)
HPRegen  0.08/turn              (no ring)
MPRegen  0.10/turn              (no ring)

@: appendages (expiring)
A: change form in water, swift swim, stealthy swim, horns 2
a: End Transformation


You were on level 1 of the Dungeon.
You had grown temporary horns.
You visited 1 branch of the dungeon, and saw 2 of its levels.

You collected 47 gold pieces.

Inventory:

Armour
 a - a +0 robe (worn)
Scrolls
 d - 2 scrolls of teleportation {unknown}
 e - a scroll of enchant armour {unknown}
 f - a scroll of amnesia {unknown}
 h - a scroll of random uselessness {unknown}
Potions
 b - a potion of curing {unknown}
 c - a potion of might {unknown}
 g - a potion of flight {unknown}


   Skills:
 - Level 1.3 Fighting
 - Level 2.8 Dodging
 + Level 4.5 Unarmed Combat
 - Level 2.1 Spellcasting
 - Level 2.8 Transmutations


You had 5 spell levels left.
You knew the following spells:

 Your Spells              Type           Power        Failure   Level
a - Beastly Appendage     Tmut           16%          8%          1

Your spell library contained the following spells:

 Spells                   Type           Power        Failure   Level
 Wereblood                Tmut           8%           12%         2
 Spider Form              Tmut/Pois      2%           38%         3
 Ice Form                 Ice/Tmut       5%           80%         4
 Blade Hands              Tmut           4%           91%         5


Dungeon Overview and Level Annotations

Branches:
Dungeon (2/15)

Altars:

Annotations:
D:1 exclusion: downstairs


Innate Abilities, Weirdness & Mutations

You revert to your normal form in water.
You are very nimble and swift while swimming.
You are very stealthy in the water. (Stealth+)
You have a pair of horns on your head.


Message History

You are too injured to fight recklessly!
You are too injured to fight recklessly!
You are too injured to fight recklessly!
You are too injured to fight recklessly!
You are too injured to fight recklessly!
You are too injured to fight recklessly!
You are too injured to fight recklessly!
You barely miss the gnoll. You headbutt the gnoll.
The gnoll is severely wounded.
The gnoll hits you.
You hit the gnoll but do no damage.
The gnoll is severely wounded.
Your transformation is almost over.
You hit the gnoll but do no damage.
The gnoll is severely wounded.
The gnoll closely misses you.
You hit the gnoll.
The gnoll is almost dead.
The gnoll hits you!
You die...

#..).......# #.##.#
#####.####.###.##.#
##...#.# #.##...#)#
#......# #.##...#.#
.......####........#
...[...............#
.......##.##.......#
......###.####[g.###
.#.[.## #.# #..@#
.########.#####)##
†..........).##.######
..#######.##.##......#
#.# #.##.#######.#
..#######.##.# #.#
.#........##.# #.#
...#########.# #.#
...# #.# #.#


You could see a gnoll.

Vanquished Creatures
  A gnoll (D:1)
  An ooze (D:1)
  A leopard gecko (D:1)
  5 bats (D:1)
  5 goblins (D:1)
  2 hobgoblins (D:1)
  2 kobolds (D:1)
  A frilled lizard (D:1)
  3 rats (D:1)
21 creatures vanquished.

Notes
Turn   | Place    | Note
-------+----------+-------------------------------------------
     0 | D:1      | ANON1729 the Merfolk Transmuter began the quest for the
                  | Orb.
     0 | D:1      | Reached XP level 1. HP: 15/15 MP: 3/3
   146 | D:1      | Reached XP level 2. HP: 17/21 MP: 5/5
   409 | D:1      | Reached skill level 4 in Unarmed Combat
   652 | D:1      | Reached XP level 3. HP: 26/26 MP: 6/6
  1054 | D:1      | Slain by a gnoll

Illustrated notes

Levels and vault maps discovered:
D:1:      eino_arrival_water_cross, layout_loops_ring
D:2:      kennysheep_six_static_rooms, layout_basic, minmay_octomino_j4,
          uniq_natasha

Skill      XL: |  1  2 |
---------------+-------+-----
Unarmed Combat | 4 |  4.5
Fighting       | |  1.3
Dodging        | |  2.8
Spellcasting   | |  2.1
Transmutations | |  2.8

Action                   || total
-------------------------++-------
Melee: Unarmed           ||    64
       Punch             ||     1
       Headbutt          ||     3
 Cast: Beastly Appendage ||     2
 Stab: Sleeping          ||     1
Armor: Robe              ||     6
Dodge: Dodged            ||    38

Table legend: (Time is in decaauts)
 A = Elapsed time spent in this place.
 B = Non-inter-level travel time spent in this place.
 C = Inter-level travel time spent in this place.
 D = Time resting spent in this place.
 E = Time spent auto-exploring this place.
 F = Levels seen in this place.
 G = Mean time per level.
                   A        B        C        D        E       F      G
               +--------+--------+--------+--------+--------+-----+--------+
         Total |   1046 |    978 |     68 |     76 |    756 |   2 |  523.0 |
       Dungeon |   1046 |    978 |     68 |     76 |    756 |   2 |  523.0 |
               +--------+--------+--------+--------+--------+-----+--------+

Top non-repeatable levels by time:
     D:1: 1040 daAuts
     D:2: 6 daAuts
